 Dungeon Crawl Stone Soup version 0.19-a0-305-g4c536b9 (webtiles) character file.

254 GlassEater the Covert (level 5, -7/26 HPs)
             Began as a Spriggan Assassin on May 27, 2016.
             Killed by divine providence
             ... invoked by an orc priest
              (15 damage)
             ... on level 4 of the Dungeon.
             The game lasted 00:08:48 (4182 turns).

GlassEater the Covert (Spriggan Assassin)           Turns: 4182, Time: 00:08:49

Health: -7/26      AC:  3    Str:  7    XL:     5   Next: 91%
Magic:  6/6        EV: 20    Int: 13    God:
Gold:   149        SH:  0    Dex: 18    Spells: 0 memorised, 4 levels left

rFire  . . .     SeeInvis +     a - +2 dagger (drain)
rCold  . . .     Gourm    .     c - +0 robe
rNeg   . . .     Faith    .     (shield restricted)
rPois  .         Spirit   .     (helmet restricted)
rElec  .         Dismiss  .     d - +0 cloak
rCorr  .         Reflect  .     (gloves unavailable)
SustAt .         Harm     .     (boots unavailable)
MR     .....                    (no amulet)
Stlth  +++++.....               (no ring)
                                (no ring)

@: very quick, not resistant to hostile enchantments, quite stealthy
A: unfitting armour, see invisible, herbivore 3, speed 3, slow metabolism 2
a: no special abilities


You were on level 4 of the Dungeon.
You were hungry.

You visited 1 branch of the dungeon, and saw 4 of its levels.

You collected 149 gold pieces.

Inventory:

Hand Weapons
 a - a +2 dagger of draining (weapon)
 b - a +2 blowgun
 k - a +2 dagger of flaming
Missiles
 e - 8 poisoned needles
 f - 2 curare-tipped needles
 h - 2 throwing nets (quivered)
 q - 61 stones
Armour
 c - a +0 robe (worn)
 d - a +0 cloak (worn)
Jewellery
 p - an uncursed ring of fire
Scrolls
 m - a scroll of magic mapping
 n - 2 scrolls of amnesia
 t - a scroll of identify
 u - 2 scrolls of remove curse
Potions
 i - a potion of heal wounds
 j - 5 potions of curing {unknown}
 o - a potion of berserk rage {unknown}
 r - a potion of degeneration {unknown}
 s - 2 potions of brilliance {unknown}
Books
 l - a book of Power

   Spells                             Type                      Level
   a - Fulminant Prism                Conjuration/Hexes            4
   b - Iskenderun's Mystic Blast      Conjuration                  4
   c - Venom Bolt                     Conjuration/Poison           5
   d - Bolt of Magma                  Conjuration/Fire/Earth       5
   e - Iron Shot                      Conjuration/Earth            6
   f - Orb of Destruction             Conjuration                  7
   g - Spellforged Servitor           Conjuration/Summoning        7
Comestibles
 g - 2 bread rations
 w - a slice of pizza


   Skills:
 + Level 2.2 Fighting
 + Level 2.9 Short Blades
 + Level 2.8 Throwing
 + Level 4.7 Dodging
 + Level 8.1 Stealth


You had 4 spell levels left.
You didn't know any spells.

Dungeon Overview and Level Annotations

Branches:
Dungeon (4/15)
 Temple: D:4-7

Altars:
Cheibriados
Hepliaklqana

Annotations:
D:3 Grinder


Innate Abilities, Weirdness & Mutations

You are tiny and cannot use many weapons and most armour.
You have supernaturally acute eyesight. (SInv)
You are a herbivore.
You cover ground extremely quickly.
You need consume almost no food.


Message History

The orc priest hits you with a falchion.
You hit the orc priest but do no damage.
You drain the orc priest!
The orc priest is moderately wounded.
The orc priest hits you with a flail.
You hit the orc priest but do no damage.
You drain the orc priest!
The orc priest is heavily wounded.
The orc priest invokes the aid of Beogh against you.
Pain shoots through your body! The orc priest hits you with a flail.
* * * LOW HITPOINT WARNING * * *
You barely miss the orc priest.
The orc priest is heavily wounded.
The orc priest misses you. The orc priest closely misses you.
The orc priest looks braver for a moment.
Found a silvery potion.
The orc priest calls down the wrath of Beogh upon you.
Beogh smites you!
Ouch! That really hurt!
You die...

##...######................ #..##
#....###......... ##..## #...##
#.......). #....## ##..#
#...###.... ##.....## #... ##..#
#.. # ##.......# #... #..####...
####...#....# #..## ##.........
..##..###.....#...#####..........
.....## #......@.....o..........
.....# ##.....###........#.....
...#..# #!..... ###..........>.
..##............ #..##........
####............ #..###o...... #
............. #..# ##......
.........>... #..# #......
...........# ...# #...... ....
##.....


You could see an orc priest.

Vanquished Creatures
  An ogre (D:4)
  An orc priest (D:4)
  An iguana (D:4)
  A worker ant (D:4)
  3 adders
  An ooze (D:3)
  A worm (D:2)
  4 giant geckos
  7 orcs
  4 bats
  6 goblins
  6 hobgoblins
  3 kobolds
  A quokka (D:2)
  2 giant newts
  7 rats
49 creatures vanquished.

Notes
Turn   | Place    | Note
--------------------------------------------------------------
     0 | D:1      | GlassEater the Spriggan Assassin began the quest for the Orb.
     0 | D:1      | Reached XP level 1. HP: 10/10 MP: 2/2
    67 | D:1      | Reached skill level 6 in Stealth
   346 | D:1      | Reached XP level 2. HP: 14/14 MP: 3/3
   953 | D:2      | Reached skill level 7 in Stealth
  1026 | D:2      | Reached XP level 3. HP: 18/18 MP: 4/4
  1288 | D:2      | Found a snail-covered altar of Cheibriados.
  1982 | D:3      | Noticed Grinder
  2248 | D:3      | Found a faded altar to an unknown god.
  2590 | D:3      | Reached XP level 4. HP: 4/23 MP: 5/5
  3016 | D:3      | Paralysed by Grinder for 4 turns
  3253 | D:4      | Noticed a phantom
  3813 | D:4      | Reached XP level 5. HP: 26/26 MP: 6/6
  4092 | D:4      | Found a hazy altar of Hepliaklqana.
  4112 | D:4      | Noticed an ogre
  4120 | D:4      | Killed an ogre
  4120 | D:4      | Reached skill level 8 in Stealth
  4182 | D:4      | Killed from afar by an orc priest

Vault maps used:
D:1:      wheals_arrival_shading
D:2:      lemuel_coloured_pillars_altar, kennysheep_generic_room_11
D:3:      ecumenical_altar_1, uniq_grinder
D:4:      kennysheep_mini, ashenzari_altar_1, first_bread

Skill      XL: |  1  2  3  4  5 |
---------------+----------------+-----
Stealth        | 6 7 8 |  8.1
Dodging        | 3 4 |  4.7
Fighting       | 2 |  2.2
Short Blades   | |  2.9
Throwing       | |  2.8

Action                   |  1- 3 |  4- 6 || total
-------------------------+-------+-------++-------
Melee: Dagger            |   138 |    46 ||   184
Throw: Stone             |    20 |     1 ||    21
       Throwing net      |       |     4 ||     4
  Use: Potion            |     1 |     1 ||     2
       Scroll            |       |     9 ||     9
 Stab: Sleeping          |    11 |     7 ||    18
Armor: Robe              |    11 |     3 ||    14
Dodge: Dodged            |   118 |    25 ||   143
